 Dungeon Crawl Stone Soup version 0.31-a0-846-gb3bcc0d938 (webtiles) character file.

Game seed: 663668298156028180

98 ytrimaz the Changeling (level 4, -3/5 HPs)
             Began as a Demonspawn Shapeshifter on Oct 3, 2023.
             Slain by a gnoll
             ... wielding a +0 spear
              (8 damage)
             ... on level 3 of the Dungeon.
             The game lasted 00:03:05 (1887 turns).

ytrimaz the Changeling (Demonspawn Shapeshifter)    Turns: 1887, Time: 00:03:06

Health: -3/5       AC:  3    Str: 25    XL:     4   Next: 44%
Magic:  4/4        EV:  8    Int: 11    God:
Gold:   77         SH:  0    Dex: 14    Spells: 3/3 levels left

rFire   + +          .
                       - Unarmed
rCold   x . .        (shield currently unavailable)
rNeg    . . .        a - melded +0 animal skin
rPois   +            (helmet currently unavailable)
rElec   .            (cloak currently unavailable)
rCorr   .            (gloves currently unavailable)
SInv    .            (boots currently unavailable)
Will    .....        e - amulet of magic regeneration
Stlth   +            (no ring)
HPRegen 0.20/turn    (no ring)
MPRegen 0.49/turn

%: no passive effects
@: short of breath, dragon-form, flying
A: dragon claw, dragon scales, breathe fire, flying, reduced hp, giant, (hooves
1), (spiny 1), demonic magic 1
a: Breathe Fire, Begin Untransformation


You were on level 3 of the Dungeon.
You were a fearsome dragon!
You visited 1 branch of the dungeon, and saw 3 of its levels.

You collected 77 gold pieces.


Innate Abilities, Weirdness & Mutations

You are a fearsome dragon!
You have a powerful clawing attack.
Your giant scaled body is strong and resilient, but less evasive.
You can breathe fire.
You are flying.
Your maximum health is decreased, since you lack skill for your form.
Your armour is entirely melded.
You are incapable of wielding weapons or throwing items.
((You have large cloven feet.))
((You are partially covered in sharp spines.))
Spells you cast may paralyse adjacent enemies.


   Skills:
 + Level 2.7 Fighting
 - Level 1.7 Dodging
 - Level 3.3 Unarmed Combat
 + Level 3.4 Shapeshifting


You had 3 spell levels left.
You didn't know any spells.
Your spell library was empty.

Inventory:

Armour
 a - a +0 animal skin (melded)
Jewellery
 e - an amulet of magic regeneration (around neck)
   (You found it on level 1 of the Dungeon)
 m - a +6 ring of intelligence
   (You found it on level 2 of the Dungeon)
Talismans
 c - a beast talisman
 d - a flux talisman
 o - a dragon-blood talisman (active)
   (You found it on level 2 of the Dungeon)
Scrolls
 f - 2 scrolls of identify {unknown}
 g - a scroll of noise {unknown}
 h - 2 scrolls of teleportation {unknown}
 i - a scroll of poison {unknown}
 j - 2 scrolls of blinking {unknown}
 k - a scroll of amnesia {unknown}
 l - a scroll of vulnerability {unknown}
 n - 2 scrolls of fog {unknown}
Potions
 b - a potion of lignification

Dungeon Overview and Level Annotations

Branches:
Dungeon (3/15) Zot: 16116

Altars:
Uskayaw

Shops:
D:1

[ #...###.###
#.#..#####.# ###.# #.#
#.#.........
#.###.#######.##.#####.#
#............>##.#
#####.##########.# #.#
#.# #.####### #.....#
#.......# #####.#
#######D# #)# #g# #.#
#........ #○g###### #$.#
...# ...#


You could see 2 gnolls.


Message History

There is a stone staircase leading down here.
Key pressed, stopping explore.
Key pressed, stopping explore.
You see here a +0 club.
Key pressed, stopping explore.
You see here 5 stones.
You see here 5 stones.
You reach down and open the door.
There is an open door here.
You reach down and open the door.
There is an open door here.
There is an open door here.
Key pressed, stopping explore.
There is an open door here.
You see here 5 stones.
Found a stone staircase leading down.
A bat is nearby!
A bat is nearby!
A bat is nearby!
A bat is nearby!
A bat is nearby!
A bat is nearby!
A bat is nearby!
A bat is nearby!
A bat is nearby!
You breathe a blast of fire.
The fiery breath hits the bat!
You kill the bat!
A ball python comes into view.
The ball python closely misses you.
You barely miss the ball python. The ball python closely misses you.
You closely miss the ball python. The ball python bites you. 😕 HP[-1]
You take 1 damage, and now have 4/5 hp.
You closely miss the ball python. The ball python bites you. 😮 HP[-1]
You take 1 damage, and now have 3/5 hp.
You barely miss the ball python.
You tail-slap the ball python, but do no damage.
The ball python bites you.
* * * LOW HITPOINT WARNING * * *
😨 HP[-1]
You take 1 damage, and now have 2/5 hp.
You bite the ball python!!
You kill the ball python! 😮 HP[+1]
You see here a ball python corpse.
You have got your breath back.
You reach down and open the door.
Key pressed, stopping explore.
There is an open door here.
There is an open door here.
You see here a +0 dagger.
Key pressed, stopping explore.
There is an open door here.
Key pressed, stopping explore.
There is an open door here.
Key pressed, stopping explore.
You see here 7 stones.
Key pressed, stopping explore.
Key pressed, stopping explore.
You see here 4 stones.
There is an open door here.
Key pressed, stopping explore.
Key pressed, stopping explore.
Done exploring. 😎 HP[+2]
Your hp is fully restored (5).
Okay, then.
You reach down and open the door.
There is an open door here.
There is an escape hatch in the floor here.
You fly downwards.
The hatch slams shut behind you.
You breathe a blast of fire.
The fiery breath misses the adder.
You closely miss the adder.
Your tail-slap misses the adder.
You bite the adder!
You kill the adder!
Found an escape hatch in the floor.
You have got your breath back.
Key pressed, stopping explore.
A gnoll comes into view. It is wielding a +0 club.
You can't see any hostile targets in range.
The gnoll shouts!
You hear a shout!
A gnoll comes into view. It is wielding a +0 spear. x2
Unknown command.
The gnoll shouts!
A gnoll comes into view. It is wielding a +0 spear.
Aiming: Breathe Fire (1% risk of failure)
Press: ? - help, Q - select action Shift-Dir - straight line, f - gnoll
Aim: a gnoll, wielding a +0 spear (72% to hit)
You breathe a blast of fire.
The fiery breath misses the gnoll.
The fiery breath hits the gnoll.
The gnoll is engulfed in blazing flames.
You kill the gnoll!
The gnoll completely misses you.
The gnoll shouts!
You bite the gnoll!!
You kill the gnoll!
The gnoll hits you from afar with a +0 spear!
Ouch! That really hurt!
You die...

Skill      XL: |  1  2  3 |
---------------+----------+-----
Unarmed Combat | 3 |  3.3
Shapeshifting  | 3 |  3.4
Fighting       | 2 |  2.7
Dodging        | |  1.7

Action                     |  1- 3 |  4- 6 || total
---------------------------+-------+-------++-------
  Melee: Unarmed           |    74 |     7 ||    81
         Tailslap          |     1 |     1 ||     2
         Punch             |     1 |       ||     1
         Bite              |       |     1 ||     1
Ability: Breathe Fire      |     1 |     5 ||     6
   Stab: Sleeping          |     4 |       ||     4
 Armour: Animal skin       |    28 |       ||    28
         Skin              |     2 |     4 ||     6
  Dodge: Dodged            |    39 |     3 ||    42
   Form: Dragon            |     1 |       ||     1

Levels and vault maps discovered:
D:1:      shiori_arrival_elements, layout_loops_ring, serial_shops, shop,
          shapermc_ecumenical_altar_mp_highgroup
D:2:      layout_basic, basic_altar, amethyst_killhole,
          minmay_misc_feat_columns, st_stairs_3, minmay_hexomino_u4
D:3:      minmay_angry_zag, layout_loops_ring, kennysheep_another_room,
          grunt_ministairs_13, st_stairs_4, item_on_display_b, uniq_ijyb

Notes
Turn   | Place    | Note
-------+----------+-------------------------------------------
     0 | D:1      | ytrimaz the Demonspawn Shapeshifter began the quest for the
                  | Orb.
     0 | D:1      | Reached XP level 1. HP: 15/15 MP: 1/1
     0 | D:1      | magus.rc [v1.9.6]
    87 | D:1      | Found Ber Yqoe's Armour Emporium.
   183 | D:1      | Gained mutation: You are partially covered in sharp spines.
                  | [demonic ancestry]
   183 | D:1      | Reached XP level 2. HP: 21/21 MP: 2/2
   252 | D:1      | Reached skill level 3 in Unarmed Combat
   465 | D:1      | Reached skill level 3 in Shapeshifting
   645 | D:1      | Found a faded altar of an unknown god.
   836 | D:2      | Gained mutation: Spells you cast may paralyse adjacent
                  | enemies. [demonic ancestry]
   836 | D:2      | Reached XP level 3. HP: 27/27 MP: 3/3
   839 | D:2      | Reached skill level 2 in Fighting
  1197 | D:2      | Gained mutation: You have large cloven feet. [demonic
                  | ancestry]
  1197 | D:2      | Reached XP level 4. HP: 2/34 MP: 4/4
  1267 | D:2      | Found a hide-covered altar of Uskayaw.
  1887 | D:3      | Slain by a gnoll

Vanquished Creatures
  2 gnolls (D:3)
  5 adders
  A worm (D:2)
  A dart slug (D:1)
  3 endoplasms (D:1)
  A giant cockroach (D:1)
  2 goblins (D:1)
  5 hobgoblins (D:1)
  2 quokkas (D:2)
  6 ball pythons
  6 bats
  4 kobolds
  6 rats
44 creatures vanquished.

Table legend:
 A = Non-vault XP
 B = Vault XP
 C = Vault XP percentage of total XP
 D = Non-vault monster count
 E = Vault monster count
 F = Vault count percentage of total count
                 A         B        C        D         E       F
            +---------+---------+-------+---------+---------+-------
      Total |     132 |      23 |  14.8 |      38 |       6 |  13.6
            +---------+---------+-------+---------+---------+-------
        D:1 |      40 |       0 |   0.0 |      24 |       0 |   0.0
        D:2 |      50 |      23 |  31.5 |      11 |       6 |  35.3
        D:3 |      42 |       0 |   0.0 |       3 |       0 |   0.0
            +---------+---------+-------+---------+---------+-------

Skill      XL: |  1  2  3 |
---------------+----------+-----
Unarmed Combat | 3 |  3.3
Shapeshifting  | 3 |  3.4
Fighting       | 2 |  2.7
Dodging        | |  1.7

Action                     |  1- 3 |  4- 6 || total
---------------------------+-------+-------++-------
  Melee: Unarmed           |    74 |     7 ||    81
         Tailslap          |     1 |     1 ||     2
         Punch             |     1 |       ||     1
         Bite              |       |     1 ||     1
Ability: Breathe Fire      |     1 |     5 ||     6
   Stab: Sleeping          |     4 |       ||     4
 Armour: Animal skin       |    28 |       ||    28
         Skin              |     2 |     4 ||     6
  Dodge: Dodged            |    39 |     3 ||    42
   Form: Dragon            |     1 |       ||     1

Illustrated notes

Table legend:
 A = Kills in this place as a percentage of kills in the entire game.
 B = Kills by you in this place as a percentage of kills by you in the entire game.
 C = Kills by friends in this place as a percentage of kills by friends in the entire game.
 D = Other kills in this place as a percentage of other kills in the entire game.
 E = Experience gained in this place as a percentage of experience gained in the entire game.
 F = Experience gained in this place divided by the number of levels of this place that you have seen.
                   A       B       C       D       E      F
               +-------+-------+-------+-------+-------+----------------------
         Total | 100.0 | 100.0 |   N/A |   N/A | 100.0 |  51.7
       Dungeon | 100.0 | 100.0 |   N/A |   N/A | 100.0 |  51.7
               +-------+-------+-------+-------+-------+----------------------

Table legend: (Time is in decaauts)
 A = Elapsed time spent in this place.
 B = Non-inter-level travel time spent in this place.
 C = Inter-level travel time spent in this place.
 D = Time resting spent in this place.
 E = Time spent auto-exploring this place.
 F = Levels seen in this place.
 G = Mean time per level.
                   A        B        C        D        E       F      G
               +--------+--------+--------+--------+--------+-----+--------+
         Total |   1882 |   1770 |    112 |      0 |   1463 |   3 |  627.3 |
       Dungeon |   1882 |   1770 |    112 |      0 |   1463 |   3 |  627.3 |
               +--------+--------+--------+--------+--------+-----+--------+

Top non-repeatable levels by time:
     D:2: 995 daAuts
     D:1: 819 daAuts
     D:3: 66 daAuts
